 Dungeon Crawl Stone Soup version 0.29.1-2-gbd0b4ee654 (webtiles) character file.

Game seed: 6364235233364202487

4 LustLizard the Firebug (level 1, 0/14 HPs)
             Began as a Hill Orc Fire Elementalist on Nov 8, 2022.
             Slain by an endoplasm (1 damage)
             ... on level 1 of the Dungeon.
             The game lasted 00:00:52 (229 turns).

LustLizard the Firebug (Hill Orc Fire Elementalist)  Turns: 229, Time: 00:00:52

Health: 0/14       AC:  2    Str: 10    XL:     1   Next: 70%
Magic:  0/3        EV: 12    Int: 15    God:
Gold:   8          SH:  0    Dex: 11    Spells: 2/3 levels left

rFire   . . .      SeeInvis .   d - +0 short sword
rCold   . . .      Faith    .   (no shield)
rNeg    . . .      Spirit   .   a - +0 robe
rPois   .          Reflect  .   (no helmet)
rElec   .          Harm     .   (no cloak)
rCorr   .          Rampage  .   (no gloves)
Will    .....                   (no boots)
Stlth   ++........              (no amulet)
HPRegen 0.04/turn               (no ring)
MPRegen 0.08/turn               (no ring)

@: no status effects
A: no striking features
a: no special abilities


You were on level 1 of the Dungeon.
You visited 1 branch of the dungeon, and saw 1 of its levels.

You collected 8 gold pieces.

Inventory:

Hand Weapons
 d - a +0 short sword (weapon)
Armour
 a - a +0 robe (worn)
Scrolls
 c - a scroll of amnesia {unknown}
 e - a scroll of teleportation {unknown}
Potions
 b - a potion of magic


   Skills:
 + Level 0.2 Fighting
 - Level 1.5 Dodging
 * Level 1.7 Stealth
 + Level 1.6 Spellcasting
 * Level 1.1 Conjurations
 * Level 3.4 Fire Magic


You had 2 spell levels left.
You knew the following spells:

 Your Spells              Type           Power      Damage    Failure   Level
a - Foxfire               Conj/Fire      32%        2x1d5     9%          1

Your spell library contained the following spells:

 Spells                   Type           Power      Damage    Failure   Level
 Scorch                   Fire           22%        2d6       9%          2
 Conjure Flame            Conj/Fire      8%         6-21      26%         3
 Inner Flame              Hex/Fire       6%         N/A       34%         3
 Flame Wave               Conj/Fire      8%         2d5       65%         4


Dungeon Overview and Level Annotations

Branches:
Dungeon (1/15)

Altars:


Message History

The foxfire hits the dart slug but does no damage. x2
Your foxfire dissipates!
The foxfire hits the dart slug.
The dart slug is moderately wounded.
The foxfire hits the dart slug.
The dart slug is heavily wounded.
The dart slug launches a dart at you. The slug dart hits you.
An endoplasm comes into view.
Found an encrusted gilded ring.
The endoplasm quivers.
The dart slug launches a dart at you. The slug dart hits you.
You hit the dart slug.
You punch the dart slug, but do no damage.
The dart slug is almost dead.
You hit the dart slug but do no damage.
The dart slug is almost dead.
The dart slug closely misses you.
You hit the dart slug.
You kill the dart slug!
You hit the endoplasm.
The endoplasm is lightly wounded.
The endoplasm freezes you.
You are frozen.
* * * LOW HITPOINT WARNING * * *
You hit the endoplasm.
The endoplasm is heavily wounded.
The endoplasm freezes you.
You are frozen.
* * * LOW HITPOINT WARNING * * *
Sorry, you're not good enough to have a special ability.
Casting: Foxfire (safe; 9% risk of failure)
Confirm with . or Enter, or press ? or * to list all spells.
You don't know that spell.
Sorry, you're not good enough to have a special ability.
Casting: Foxfire (safe; 9% risk of failure)
Confirm with . or Enter, or press ? or * to list all spells.
You conjure some foxfire!
The endoplasm hits you.
You die...

###.#. ..# #.###.##
..#..( #.# #.....~~
......### #.## ####..+~
....#...###..### #..+.
...............######.~+~
#......###.#........~#~
#.....## #.#########~~#
#....v####.#######....#
#....J@v...##..........
.......†###..........####
........# ##.........#
##......# ####......#
#.......# #......#
.=####### #......# .#
#......# #......#
#.#########


You could see an endoplasm (ally target).

Vanquished Creatures
  A dart slug (D:1)
  A bat (D:1)
  A spectral kobold (D:1)
3 creatures vanquished.

Vanquished Creatures (others)
  16 foxfires (D:1)
16 creatures vanquished.

Grand Total: 19 creatures vanquished

Notes
Turn   | Place    | Note
-------+----------+-------------------------------------------
     0 | D:1      | LustLizard the Hill Orc Fire Elementalist began the quest
                  | for the Orb.
     0 | D:1      | Reached XP level 1. HP: 14/14 MP: 3/3
    44 | D:1      | Found a faded altar of an unknown god.
   229 | D:1      | Slain by an endoplasm

Illustrated notes

Levels and vault maps discovered:
D:1:      lightli_arrival_windingriver, layout_rooms,
          dreamdust_ecumenical_altar_drowned_temple

Action                   || total
-------------------------++-------
Melee: Short sword       ||     5
       Punch             ||     1
 Cast: Foxfire           ||    10
Dodge: Dodged            ||     1
